 Dungeon Crawl Stone Soup version 0.29-a0-717-g6dac4ea423 (webtiles) character file.

Game seed: 14721114617596132755

7 polve the Trooper (level 1, -1/18 HPs)
             Began as a Demonspawn Abyssal Knight on June 26, 2022.
             Was a Believer of Lugonu.
             Slain by a hobgoblin (3 damage)
             ... on level 1 of the Dungeon.
             The game lasted 00:00:11 (195 turns).

polve the Trooper (Demonspawn Abyssal Knight)        Turns: 195, Time: 00:00:12

Health: -1/18      AC:  3    Str: 13    XL:     1   Next: 83%
Magic:  2/2        EV: 11    Int: 11    God:    Lugonu [**....]
Gold:   7          SH:  0    Dex: 13    Spells: 0/0 levels left

rFire   . . .      SeeInvis .   a - +1 short sword
rCold   . . .      Faith    .   (no shield)
rNeg    . . .      Spirit   .   b - +0 leather armour
rPois   .          Reflect  .   (no helmet)
rElec   .          Harm     .   (no cloak)
rCorr   .          Rampage  .   (no gloves)
Will    .....                   (no boots)
Stlth   +.........              (no amulet)
HPRegen 0.06/turn               (no ring)
MPRegen 0.08/turn               (no ring)

@: no status effects
A: no striking features
a: Renounce Religion, Depart the Abyss, Bend Space


You were on level 1 of the Dungeon.
You worshipped Lugonu.
Lugonu was pleased with you.
You visited 1 branch of the dungeon, and saw 1 of its levels.
You visited the Abyss 1 time.

You collected 7 gold pieces.

Inventory:

Hand Weapons
 a - a +1 short sword (weapon)
Armour
 b - a +0 leather armour (worn)
Scrolls
 c - a scroll of enchant armour {unknown}


   Skills:
 - Level 3.0 Fighting
 + Level 2.4 Short Blades
 - Level 1.7 Armour
 - Level 0.8 Dodging
 - Level 2.4 Invocations


You couldn't memorise any spells.
You didn't know any spells.
Your spell library was empty.

Dungeon Overview and Level Annotations

Branches:
Dungeon (1/15)

Altars:


Message History

The jackal closely misses you. The jackal attacks as you move away!
The jackal barely misses you. The jackal attacks as you move away!
The jackal misses you. The jackal barely misses you.
The jackal attacks as you move away!
The jackal bites you but does no damage.
You miss the jackal.
The jackal is severely wounded.
You hit the jackal but do no damage.
The jackal is severely wounded.
The jackal closely misses you. The jackal bites you.
You hit the jackal.
You kill the jackal!
Lugonu accepts your kill.
You hit the jackal.
The jackal is moderately wounded.
The jackal closely misses you.
You hit the jackal.
You kill the jackal!
Lugonu accepts your kill. The jackal barely misses you.
You hit the jackal but do no damage. The jackal barely misses you.
You closely miss the jackal. The jackal closely misses you.
The jackal barely misses you.
You barely miss the jackal. The jackal misses you.
You miss the jackal. The jackal bites you.
You hit the jackal.
You kill the jackal!
Lugonu accepts your kill.
You can now bend space around yourself.
You barely miss the hobgoblin. The hobgoblin hits you.
You hit the hobgoblin but do no damage. You hit the hobgoblin but do no damage.
The hobgoblin barely misses you.
You closely miss the hobgoblin. The hobgoblin hits you.
* * * LOW HITPOINT WARNING * * *
You barely miss the hobgoblin. The hobgoblin hits you.
* * * LOW HITPOINT WARNING * * *
You hit the hobgoblin.
The hobgoblin is moderately wounded.
The hobgoblin hits you.
You die...

#.###.##..# #+# #.#
#.....# #.# #.#
#.##..# #.#
#.###.##..#
######.#####.........#
#.........######.....#
#.....$# #.#####
#.....######.#
........#....g@...#
.#..##.##..######## #.
#.....# ####..# ...#
#####


You could see a hobgoblin.

Vanquished Creatures
  2 ball pythons (D:1)
  3 jackals (D:1)
5 creatures vanquished.

Notes
Turn   | Place    | Note
-------+----------+-------------------------------------------
     0 | Abyss:1  | polve the Demonspawn Abyssal Knight began the quest for the
                  | Orb.
     0 | Abyss:1  | Reached XP level 1. HP: 18/18 MP: 2/2
    45 | Abyss:1  | Found a corrupted altar of Lugonu.
    46 | D:1      | Escaped the Abyss
   189 | D:1      | Reached ** piety under Lugonu
   195 | D:1      | Slain by a hobgoblin

Illustrated notes

Levels and vault maps discovered:
D:1:      onia_arrival_mini_spirals, layout_loops_corners,
          basic_ecumenical_altar

Skill      XL: |  1 |
---------------+----+-----
Short Blades   | 2 |  2.4
Fighting       | |  3.0
Armour         | |  1.7
Dodging        | |  0.8
Invocations    | |  2.4

Action                   || total
-------------------------++-------
Melee: Short sword       ||    24
Invok: Depart the Abyss  ||     1
Armor: Leather armour    ||     9
Dodge: Dodged            ||    26

Table legend: (Time is in decaauts)
 A = Elapsed time spent in this place.
 B = Non-inter-level travel time spent in this place.
 C = Inter-level travel time spent in this place.
 D = Time resting spent in this place.
 E = Time spent auto-exploring this place.
 F = Levels seen in this place.
 G = Mean time per level.
                   A        B        C        D        E       F      G
               +--------+--------+--------+--------+--------+-----+--------+
         Total |    194 |    194 |      0 |      0 |    154 |   2 |   97.0 |
       Dungeon |    148 |    148 |      0 |      0 |    109 |   1 |  148.0 |
         Abyss |     46 |     46 |      0 |      0 |     45 |   1 |   46.0 |
               +--------+--------+--------+--------+--------+-----+--------+

Top non-repeatable levels by time:
     D:1: 148 daAuts
 Abyss:1: 46 daAuts
